 Dungeon Crawl Stone Soup version 0.30-a0-1018-g25214051b3 (webtiles) character file.

Game seed: 12046123898310071939

97486 bearlyready the Fencer (level 16, -3/106 HPs)
             Began as a Tengu Fighter on Apr 8, 2023.
             Was an Initiate of Gozag.
             Killed from afar by a smoke demon (18 damage)
             ... with a ball of steam
             ... on level 3 of the Abyss.
             The game lasted 00:38:08 (21369 turns).

bearlyready the Fencer (Tengu Fighter)             Turns: 21369, Time: 00:38:09

Health: -3/106     AC: 14    Str: 17    XL:     16   Next: 19%
Magic:  26/26      EV: 25    Int: 10    God:    Gozag
Gold:   7401       SH:  9    Dex: 28    Spells: 15/15 levels left

rFire   . . .      SeeInvis .    C - +3 double sword (elec)
rCold   + + .      Faith    .    c - +0 buckler
rNeg    . . .      Spirit   .    n - +0 swamp dragon scales
rPois   +          Reflect  .    O - +1 hat
rElec   .          Rampage  .    L - +2 cloak
rCorr   +                        B - +0 pair of gloves
Will    +....                    (boots unavailable)
Stlth   ++                       J - amulet of Equivalence {rC+ Regen+}
HPRegen 0.00/turn                V - ring of Laschelont {rC+ rCorr MP+9 Dex+2}
MPRegen 0.20/turn                U - +6 ring of dexterity

@: gold aura, sick, flying quickly and evasively, quick
A: beak, talons 3, nimble flight
a: Renounce Religion, Potion Petition, Call Merchant, Bribe Branch


You were on level 3 of the Abyss.
You worshipped Gozag.
Gozag was greatly pleased with you.
You visited 4 branches of the dungeon, and saw 22 of its levels.
You visited the Abyss 2 times.
You also visited: Bailey and Volcano.

You collected 7508 gold pieces.
You paid 107 gold pieces to Gozag.

Inventory:

Hand Weapons
 a - a +4 scimitar of flaming
 C - a +3 double sword of electrocution (weapon)
Missiles
 f - 22 boomerangs (quivered)
 v - 60 poisoned darts
 D - 2 curare-tipped darts
 E - 6 atropa-tipped darts
Armour
 c - a +0 buckler (worn)
 n - +0 swamp dragon scales (worn)
 w - a +3 chain mail of cold resistance
 B - a +0 pair of gloves (worn)
 L - a +2 cloak (worn)
 O - a +1 hat (worn)
 Q - a +2 chain mail of fire resistance
Jewellery
 e - an amulet of guardian spirit
 J - the amulet of Equivalence (around neck) {rC+ Regen+}
   (You found it on level 9 of the Dungeon)

   [amulet of regeneration]

   rC:        It protects you from cold.
   Regen:     It increases your rate of health regeneration.
 S - a ring of see invisible
 U - a +6 ring of dexterity (right hand)
 V - the ring of Laschelont (left hand) {rC+ rCorr MP+9 Dex+2}
   (You acquired it on level 1 of the Lair of Beasts)

   [ring of magical power]

   Dex:       It affects your dexterity (+2).
   rC:        It protects you from cold.
   MP:        It affects your magic capacity (+9).
   rCorr:     It protects you from acid and corrosion.
 Z - a ring of resist corrosion
Wands
 r - a wand of charming (20)
 u - a wand of flame (31)
 A - a wand of polymorph (12)
 K - a wand of iceblast (10)
 N - a wand of digging (1)
Scrolls
 h - 3 scrolls of poison
 m - 7 scrolls of enchant armour
 q - 2 scrolls of brand weapon
 t - a scroll of torment
 x - 4 scrolls of immolation
 y - 3 scrolls of blinking
 F - 7 scrolls of teleportation
 G - 6 scrolls of fog
 M - 5 scrolls of amnesia
 T - 5 scrolls of magic mapping
Potions
 b - a potion of haste
 d - a potion of might
 g - 10 potions of heal wounds
 j - 4 potions of ambrosia
 k - 5 potions of mutation
 l - 4 potions of lignification
 o - 8 potions of degeneration
 p - a potion of berserk rage
 s - 7 potions of curing
 z - 4 potions of brilliance
 H - a potion of invisibility {unknown}
 I - 2 potions of attraction {unknown}
 P - 2 potions of magic
 R - a potion of resistance {unknown}
 W - a potion of cancellation
Miscellaneous
 i - a phantom mirror
 X - a lightning rod (4/4)
 Y - a box of beasts


   Skills:
 + Level 14.0 Fighting
 + Level 18.8 Long Blades
 - Level 4.0 Throwing
 - Level 6.0 Armour
 + Level 11.2 Dodging
 + Level 11.6 Shields
 - Level 9.0 Evocations


You had 15 spell levels left.
You didn't know any spells.
Your spell library contained the following spells:

 Spells                   Type           Power      Damage    Failure   Level
 Apportation              Tloc           0%         N/A       61%         1
 Beastly Appendage        Tmut           0%         N/A       61%         1
 Sting                    Tmut/Pois      0%         1d3       61%         1
 Poisonous Vapours        Pois/Air       0%         N/A       75%         2
 Wereblood                Tmut           0%         N/A       75%         2
 Ignite Poison            Fire/Tmut/Pois 0%         N/A       93%         3
 Inner Flame              Hex/Fire       0%         N/A       93%         3
 Portal Projectile        Hex/Tloc       0%         N/A       93%         3
 Spider Form              Tmut/Pois      0%         N/A       93%         3
 Stone Arrow              Conj/Erth      0%         3d7       93%         3
 Tukima's Dance           Hex            0%         N/A       93%         3
 Vhi's Electric Charge    Tloc/Air       0%         N/A       93%         3
 Animate Armour           Summ/Erth      0%         N/A       100%        4
 Flame Wave               Conj/Fire      0%         2d4       100%        4
 Olgreb's Toxic Radiance  Pois           0%         N/A       100%        4
 Sticky Flame             Conj/Fire      0%         2d3       100%        4
 Alistair's Intoxication  Tmut/Pois      0%         N/A       100%        5
 Arcjolt                  Conj/Air       0%         1d10      100%        5
 Blade Hands              Tmut           0%         N/A       100%        5
 Ignition                 Fire           0%         3d3       100%        8
 Lehudib's Crystal Spear  Conj/Erth      0%         10d2      100%        8
 Maxwell's Capacitive Co  Air            0%         ∞         100%        8


Dungeon Overview and Level Annotations

Branches:
Dungeon (15/15)            Temple (1/1) D:6            Lair (5/5) D:10
 Shoals (0/4) Lair:3       Spider (0/4) Lair:3        Slime (0/5) Lair:5
    Orc (1/2) D:11         Vaults (0/5) D:13         Bailey (visited)
Volcano (visited)
 Depths: D:15

Altars:
Ashenzari
Cheibriados
Dithmenos
Elyvilon
Fedhas
Gozag
Hepliaklqana
Kikubaaqudgha
Makhleb
Nemelex Xobeh
Okawaru
Qazlal
Ru
Sif Muna
Trog
Uskayaw
Vehumet
Wu Jian
Xom
Yredelemnul
Zin
The Shining One
Jiyva

Shops:
D:4 [   D:11 [

Annotations:
Lair:4 exclusion: 3 oklob plants
Lair:5 exclusion: oklob plant
Orc:1 Erolcha


Innate Abilities, Weirdness & Mutations

You have a beak for a mouth.
You have claws for feet.
Your magical nature lets you fly swiftly and evasively.


Message History

You kill the green death!
You feel sick.
A starcursed mass splits.
You slash the ancient zyme!
Lightning courses through the ancient zyme!
You claw the ancient zyme.
The ancient zyme is severely damaged.
You feel sick.
You closely miss the ancient zyme.
The ancient zyme is severely damaged.
You feel sick. The ancient zyme hits you! The ancient zyme hits you.
The starcursed mass shrieks in your mind.
* * * LOW HITPOINT WARNING * * *
You slash the ancient zyme!
You claw the ancient zyme, but do no damage.
The ancient zyme is almost destroyed.
You feel sick. You block the ancient zyme's attack. x2
You hit the ancient zyme. You claw the ancient zyme.
Your peck misses the ancient zyme.
The ancient zyme is almost destroyed.
The ancient zyme closely misses you. The ancient zyme barely misses you.
You slice the ancient zyme!!
You destroy the ancient zyme!
You feel sick.
A smoke demon comes into view.
You feel sick.
The starcursed mass shrieks in your mind.
* * * LOW HITPOINT WARNING * * *
You hit the starcursed mass.
You claw the starcursed mass, but do no damage.
You peck the starcursed mass.
The starcursed mass is moderately damaged.
You feel sick.
You feel sick.
You see here 4 gold pieces.
You feel sick.
You are no longer poisoned.
The smoke demon gestures at you. The ball of steam hits you!!
You die...
Your body crumbles into a pile of gold.

# #
#....#.##......#
..
##...#.#..#.#.##
## ...#.....#..
#..X.#.......
##..........#
###X.......
#.$##.#3##.
#.$..§§....
#.#@§#....
####.# .. ... .
##... ..#.. ....
... .##


You could see 2 starcursed masses.

Vanquished Creatures
  A tentacled starspawn (Abyss:3)
  An ironbound preserver (D:13)
  A green death (Abyss:3)
  An entropy weaver (shapeshifter) (D:15)
  Josephine (D:13)
  6 hydras
  The ghost of ThatPearl the Arsonist, a journeyman DgFE (Lair:1)
  2 ogre magi (D:15)
  A rakshasa (D:14)
  Erica (D:8)
  A catoblepas (Lair:5)
  5 centaur warriors
  2 dancing weapons
  3 boulder beetles
  6 death yaks
  A death knight (D:13)
  7 two-headed ogres
  A tengu warrior (D:13)
  A thrashing horror (Abyss:3)
  A skyshark (Lair:4)
  7 skeletal warriors
  The ghost of hgbash the Fighter, a novice MiFi of Hepliaklqana (D:9)
  A fire crab (Lair:1)
  A shadow demon (Abyss:3)
  A swamp dragon (shapeshifter) (D:13)
  6 wizards
  A lindwurm (Lair:4)
  3 deep elf pyromancers
  An orc knight (Bailey)
  10 starcursed masses (Abyss:3)
  2 cyclopes
  An ugly thing (D:13)
  3 manticores
  8 elephants (Lair:4)
  5 toenail golems (Volcano)
  2 centaur zombies (D:15)
  6 black mambas
  Maggie (Lair:1)
  10 cane toads
  A torpor snail (Lair:2)
  4 gargoyles
  16 komodo dragons
  2 kobold demonologists (D:10)
  3 rime drakes
  2 yaktaurs
  An efreet (D:10)
  A redback zombie (D:15)
  2 tengu conjurers
  An ancient zyme (Abyss:3)
  3 trolls
  A meliai (shapeshifter) (Abyss:3)
  3 meliai (Lair:4)
  A troll (shapeshifter) (D:13)
  A queen bee (Lair:4)
  6 hornets
  7 polar bears
  21 blink frogs
  A large abomination (Abyss:3)
  2 dream sheep (Lair:5)
  12 slime creatures
  13 spriggans (Lair:5)
  2 shadows
  5 wraiths
  2 culicivoras (shapeshifter)
  A ynoxinul (Abyss:3)
  2 vampires (D:15)
  3 wyverns
  44 yaks
  3 steam dragons
  2 vampire mosquitoes (D:13)
  7 basilisks
  An acid dragon (shapeshifter) (D:15)
  24 water moccasins
  13 orc warriors
  A sky beast (D:6)
  2 black bears (Lair:5)
  8 ogres
  25 wolves
  2 centaurs
  4 boggarts (Lair:5)
  8 kobold brigands
  2 phantoms (D:6)
  2 gnoll sergeants
  11 bullfrogs
  A scorpion (D:5)
  4 small abominations (Abyss:3)
  8 wights
  43 killer bees
  7 howler monkeys
  4 electric eels
  3 jellies
  A gnoll bouda (D:3)
  8 orc priests
  4 iguanas
  4 sleepcaps
  12 orc wizards
  2 boggart zombies (D:15)
  14 hell rats
  17 gnolls
  5 adders
  2 shadow imps
  A white imp (D:7)
  2 worms
  A dart slug (D:1)
  43 orcs
  7 bats
  9 endoplasms
  6 giant cockroaches
  10 goblins
  7 hobgoblins
  2 jackals (D:1)
  38 kobolds
  2 quokkas
  4 ball pythons
  3 frilled lizards
  7 rats
673 creatures vanquished.

Vanquished Creatures (collateral kills)
  A shadow (D:13)
1 creature vanquished.

Vanquished Creatures (others)
  A centaur warrior (D:13)
  2 wolves (D:11)
  A killer bee (Lair:4)
  An orc wizard (D:10)
  27 fungi
  61 plants
  6 starspawn tentacles (Abyss:3)
  15 toadstools (Lair:5)
  5 withered plants (D:15)
119 creatures vanquished.

Grand Total: 793 creatures vanquished

Notes
Turn   | Place    | Note
-------+----------+-------------------------------------------
     0 | D:1      | bearlyready the Tengu Fighter began the quest for the Orb.
     0 | D:1      | Reached XP level 1. HP: 14/14 MP: 2/2
   127 | D:1      | Reached skill level 3 in Long Blades
   127 | D:1      | Reached XP level 2. HP: 19/19 MP: 3/3
   490 | D:1      | Reached XP level 3. HP: 20/23 MP: 4/4
   822 | D:1      | Found a faded altar of an unknown god.
   868 | D:2      | Reached skill level 4 in Long Blades
  1280 | D:3      | Reached XP level 4. HP: 28/28 MP: 5/5
  1438 | D:3      | Reached skill level 5 in Long Blades
  1627 | D:3      | Gained mutation: Your magical nature lets you fly swiftly
                  | and evasively. [Tengu growth]
  1627 | D:3      | Reached XP level 5. HP: 12/32 MP: 6/6
  2047 | D:4      | Found Ahie's Armour Shoppe.
  2104 | D:3      | Reached skill level 6 in Long Blades
  2578 | D:4      | Reached XP level 6. HP: 37/37 MP: 7/7
  2863 | D:5      | Entered Level 5 of the Dungeon
  2936 | D:5      | Reached skill level 7 in Long Blades
  3176 | D:5      | Reached skill level 8 in Long Blades
  3176 | D:5      | Reached XP level 7. HP: 31/41 MP: 8/8
  3904 | D:6      | Found a staircase to the Ecumenical Temple.
  3944 | Temple   | Entered the Ecumenical Temple
  3997 | Temple   | Became a worshipper of Gozag Ym Sagoz the Greedy
  4050 | D:6      | Found an iron altar of Okawaru.
  4163 | D:6      | Reached skill level 9 in Long Blades
  4307 | D:6      | Reached skill level 10 in Long Blades
  4307 | D:6      | Reached XP level 8. HP: 46/46 MP: 9/9
  4576 | D:7      | Noticed a hornet
  4580 | D:7      | Paralysed by a hornet for 2 turns
  4584 | D:7      | Killed a hornet
  4587 | D:7      | Reached skill level 11 in Long Blades
  4705 | D:7      | Found a flagged portal.
  4718 | Bailey   | Entered a bailey
  4725 | Bailey   | Noticed an orc knight
  4770 | Bailey   | Reached skill level 1 in Throwing
  4770 | Bailey   | Reached skill level 1 in Evocations
  4897 | Bailey   | Reached XP level 9. HP: 39/50 MP: 10/10
  4917 | Bailey   | Reached skill level 12 in Long Blades
  5094 | Bailey   | Killed an orc knight
  6017 | D:8      | Noticed a two-headed ogre
  6027 | D:8      | Killed a two-headed ogre
  6028 | D:8      | Reached skill level 5 in Fighting
  6028 | D:8      | Reached skill level 13 in Long Blades
  6028 | D:8      | Reached XP level 10. HP: 51/59 MP: 11/11
  6476 | D:8      | Found a radiant altar of Vehumet.
  6476 | D:8      | Noticed Erica
  6533 | D:8      | Killed Erica
  6560 | D:8      | Found an ornate altar of the Wu Jian Council.
  6963 | D:9      | Reached skill level 14 in Long Blades
  7156 | D:9      | Reached XP level 11. HP: 57/68 MP: 12/12
  7435 | D:9      | Found a runed translucent door.
  7436 | D:9      | Found a shimmering altar of Xom.
  7436 | D:9      | Noticed hgbash's ghost (novice MiFi)
  7436 | D:9      | Noticed a +2 scimitar of chaos
  7745 | D:10     | Entered Level 10 of the Dungeon
  7888 | D:10     | Noticed a two-headed ogre
  7908 | D:10     | Killed a two-headed ogre
  7939 | D:10     | Found a staircase to the Lair.
  7960 | D:10     | Reached skill level 5 in Shields
  8176 | D:11     | Noticed Grum
  8208 | D:11     | Grum changed into Grum the quokka
  8208 | D:11     | Noticed Grum
  8212 | D:11     | Killed Grum the quokka
  8271 | D:11     | Found a staircase to the Orcish Mines.
  8286 | D:11     | Noticed a boulder beetle
  8299 | D:11     | Killed a boulder beetle
  8300 | D:11     | Reached skill level 15 in Long Blades
  8328 | D:11     | Found Dyhoinlu's Armour Shoppe.
  8390 | D:11     | Noticed a manticore
  8402 | D:11     | Killed a manticore
  9364 | D:12     | You are sucked into a shaft and drop 2 floors!
  9483 | D:12     | Noticed a deep elf pyromancer
  9491 | D:13     | Noticed a boulder beetle
  9491 | D:13     | Noticed a cyclops
  9511 | D:13     | Killed a cyclops
  9519 | D:13     | Killed a boulder beetle
  9642 | D:13     | Noticed a green ugly thing
  9710 | D:13     | Noticed a death knight
  9714 | D:13     | Noticed a centaur warrior
  9763 | D:13     | Noticed a deep elf pyromancer
  9777 | D:13     | Noticed a centaur warrior
  9907 | D:10     | Reached XP level 12. HP: 68/77 MP: 13/13
 10156 | D:10     | Reached skill level 1 in Dodging
 10171 | D:10     | Identified the +0 short sword of the Moon {freeze, Dex+3}
 10351 | D:10     | Reached skill level 10 in Fighting
 10371 | D:10     | Noticed a two-headed ogre
 10416 | Lair:1   | Entered Level 1 of the Lair of Beasts
 10439 | Lair:1   | Noticed Maggie
 10464 | Lair:1   | Killed Maggie
 10636 | Lair:1   | Found a runed translucent gate.
 10720 | Lair:1   | Found a dark tunnel.
 10729 | Volcano  | Entered a volcano
 10751 | Volcano  | Reached skill level 16 in Long Blades
 10787 | Volcano  | Reached skill level 5 in Armour
 11426 | Lair:1   | Reached skill level 5 in Dodging
 11426 | Lair:1   | Reached XP level 13. HP: 84/84 MP: 14/14
 11600 | Lair:1   | Noticed ThatPearl's ghost (journeyman DgFE)
 11619 | Lair:1   | Found a runed translucent gate.
 11619 | Lair:1   | Found a runed translucent gate.
 11999 | Lair:2   | Found a shimmering blue altar of Sif Muna.
 12188 | Lair:2   | Reached skill level 5 in Evocations
 12843 | Lair:3   | Found a staircase to the Shoals.
 13166 | Lair:3   | Found a hole to the Spider Nest.
 13643 | Lair:4   | Reached skill level 17 in Long Blades
 13991 | Lair:4   | Reached XP level 14. HP: 92/92 MP: 15/15
 14638 | Lair:4   | You are sucked into a shaft and drop 1 floor!
 14638 | Lair:5   | Entered Level 5 of the Lair of Beasts
 15806 | Lair:5   | Reached skill level 10 in Shields
 16276 | Lair:5   | Found a blossoming altar of Fedhas.
 16284 | Lair:5   | Reached skill level 18 in Long Blades
 16359 | Lair:5   | Reached XP level 15. HP: 98/98 MP: 16/16
 16430 | Lair:5   | Found a viscous altar of Jiyva.
 16431 | Lair:5   | Found a staircase to the Slime Pits.
 16696 | Lair:1   | Identified a scroll of acquirement
 16698 | Lair:1   | Acquired the ring of Laschelont {rC+ rCorr MP+9 Dex+2}
 16759 | Lair:1   | Killed ThatPearl's ghost
 17121 | D:9      | Killed hgbash's ghost
 17124 | D:9      | Identified the amulet of Equivalence {rC+ Regen+}
 17912 | D:13     | Reached skill level 10 in Dodging
 18374 | D:13     | Noticed Josephine
 18386 | D:13     | Killed Josephine
 18643 | D:13     | Found a gate to the Vaults.
 19707 | D:15     | Entered Level 15 of the Dungeon
 20418 | Abyss:3  | Found a corrupted altar of Lugonu.
 20418 | Abyss:3  | Cast into level 3 of the Abyss (a wizard)
 20578 | Abyss:3  | Found a corrupted altar of Lugonu.
 20653 | Abyss:3  | Noticed a bone dragon
 20656 | Abyss:3  | Noticed a tentacled starspawn
 20704 | D:15     | Escaped the Abyss
 20821 | D:15     | Reached XP level 16. HP: 93/105 MP: 17/17
 21083 | Orc:1    | Entered Level 1 of the Orcish Mines
 21149 | Orc:1    | Noticed Erolcha
 21169 | Abyss:3  | Found a corrupted altar of Lugonu.
 21169 | Abyss:3  | Cast into level 3 of the Abyss (Erolcha)
 21313 | Abyss:3  | Noticed a tentacled starspawn
 21329 | Abyss:3  | Killed a tentacled starspawn
 21369 | Abyss:3  | Killed from afar by a smoke demon

Illustrated notes

Levels and vault maps discovered:
D:1:      psy_arrival_basics, layout_basic, ebering_ecumenical_altar_abandoned
D:2:      layout_rooms, minmay_misc_feat_room, chequers_serial_rivers_small_a
D:3:      layout_loops_ring, serial_forest, infiniplex_forest_clump_C,
          infiniplex_forest_clump_tiny, infiniplex_forest_end_1,
          infiniplex_forest_straight_1, infiniplex_forest_3_way,
          infiniplex_forest_clump_diagonal, infiniplex_forest_end_1
D:4:      layout_loops_ring, serial_shops, nicolae_shop_statue_plus
D:5:      layout_basic
D:6:      layout_loops_cross, mainiacjoe_overflow_alcove_1,
          minmay_temple_entry_wispy
D:7:      nicolae_cairo_tiling_large_dashed, layout_basic, enter_bailey_5
D:8:      layout_layer_cave, jmf_multi_god_temple, uniq_erica
D:9:      layout_stronghold, ebering_ghost_xom
D:10:     layout_irregular_city, lair_entry_dummy, nzn_random_ring
D:11:     layout_grid_maze, orc_0_dummy, nicolae_stop_n_shop_2, uniq_grum
D:12:     layout_basic
D:13:     layout_loops_corners, skrybe_vaults_entry_preservation, serial_glass,
          glass_columns_a, glass_columns_a, uniq_josephine
D:14:     layout_stronghold
D:15:     grunt_enter_depths_magical_seal, layout_rooms,
          nicolae_trove_entry_free_sample, serial_undead, serial_undead_e,
          serial_undead_b, serial_undead_c, serial_undead_f, serial_undead_d,
          bloody_trog
Temple:   hellmonk_temple_of_storms
Lair:1:   layout_regular_city, nicolae_volcano_entry_two_sided,
          gammafunk_ghost_split, beast_lair_carwin_10, serial_bayou_shore_a,
          lemuel_fruit_fields, uniq_maggie
Lair:2:   layout_long_grid, basic_altar, grunt_megastairs_2
Lair:3:   layout_regular_city, elwin_shoals_entry_rocks,
          spider_nest_entry_web_field
Lair:4:   hangedman_what_comes_after_a, layout_regular_city,
          chequers_serial_rivers_small_3
Lair:5:   minmay_lair_end_enchanted_forest, layout_cave_shapes,
          dpeg_slime_entry_enclosed, tgw_fedhas
Orc:1:    layout_diamond_mine, basic_altar, uniq_sonja, uniq_jorgrun,
          uniq_erolcha
Abyss:3:  base: D:4, bh_abyss_exit_spiral, hangedman_summoners_spam,
          hangedman_shadowy_showcase, base: D:1, base: D:1,
          hangedman_decor_lopped

Skill      XL: |  1  2  3  4  5  6  7  8  9 10 11 12 13 14 15 16 |
---------------+-------------------------------------------------+-----
Long Blades    | 3 4 5 6 8 10 11 13 14 15 16 17 18 | 18.8
Throwing       | 2 4 |  4.0
Evocations     | 2 4 5 7 8 9 |  9.0
Fighting       | 5 7 9 10 12 13 14 | 14.0
Shields        | 6 7 8 10 11 | 11.6
Dodging        | 5 7 9 10 11 | 11.2
Armour         | 6 |  6.0

Action                     |  1- 3 |  4- 6 |  7- 9 | 10-12 | 13-15 | 16-18 || total
---------------------------+-------+-------+-------+-------+-------+-------++-------
  Melee: Long sword        |    77 |   159 |    58 |       |       |       ||   294
         Kick              |    16 |    45 |    62 |   180 |   388 |    44 ||   735
         Peck              |    10 |    32 |    42 |   114 |   242 |    29 ||   469
         Double sword      |       |       |   152 |   518 |  1030 |   102 ||  1802
         Scimitar          |       |       |       |       |    36 |       ||    36
  Throw: Dart              |       |     2 |    32 |    10 |       |       ||    44
         Boomerang         |       |       |    36 |    15 |     8 |       ||    59
  Evoke: Wand              |       |       |     6 |    10 |    11 |       ||    27
    Use: Scroll            |       |       |    10 |    11 |    14 |       ||    35
         Potion            |       |       |       |     3 |       |       ||     3
   Stab: Distracted        |       |       |     1 |     2 |    10 |       ||    13
         Petrified         |       |       |       |       |     5 |       ||     5
         Petrifying        |       |       |       |       |     1 |       ||     1
 Armour: Scale mail        |    27 |    48 |    47 |   103 |       |       ||   225
         Swamp dragon scal |       |       |       |    18 |   238 |     5 ||   261
  Dodge: Dodged            |    31 |    55 |    65 |   179 |   612 |    51 ||   993
  Block: Buckler           |    22 |    28 |    47 |    96 |   297 |    26 ||   516

Table legend: (Time is in decaauts)
 A = Elapsed time spent in this place.
 B = Non-inter-level travel time spent in this place.
 C = Inter-level travel time spent in this place.
 D = Time resting spent in this place.
 E = Time spent auto-exploring this place.
 F = Levels seen in this place.
 G = Mean time per level.
                   A        B        C        D        E       F      G
               +--------+--------+--------+--------+--------+-----+--------+
         Total |  19558 |  18193 |   1365 |    249 |  12876 |  26 |  752.2 |
       Dungeon |  12537 |  11676 |    861 |    111 |   8930 |  15 |  835.8 |
        Temple |     60 |     50 |     10 |      0 |     16 |   1 |   60.0 |
          Lair |   5513 |   5021 |    492 |    107 |   3330 |   5 | 1102.6 |
  Orcish Mines |     76 |     76 |      0 |      0 |     45 |   1 |   76.0 |
         Abyss |    431 |    431 |      0 |     21 |    207 |   2 |  215.5 |
        Bailey |    505 |    505 |      0 |      9 |    148 |   1 |  505.0 |
       Volcano |    432 |    432 |      0 |      0 |    198 |   1 |  432.0 |
               +--------+--------+--------+--------+--------+-----+--------+

Top non-repeatable levels by time:
  Lair:4: 1497 daAuts
  Lair:5: 1403 daAuts
    D:13: 1152 daAuts
    D:10: 1141 daAuts
    D:11: 1132 daAuts
    D:14: 1060 daAuts
  Lair:1: 1015 daAuts
     D:9: 983 daAuts
     D:1: 874 daAuts
     D:5: 870 daAuts
     D:7: 866 daAuts
     D:3: 846 daAuts
    D:12: 814 daAuts
  Lair:3: 811 daAuts
  Lair:2: 786 daAuts
